 Dungeon Crawl Stone Soup version 0.24-a0-375-g4de66ed42b (webtiles) character file.

Game seed: 11318138323318479178

56 HAL9000 the Sneak (level 3, -7/18 HPs)
             Began as a Vine Stalker Assassin on May 31, 2019.
             Mangled by a worm (10 damage)
             ... on level 2 of the Dungeon.
             The game lasted 00:01:50 (2134 turns).

HAL9000 the Sneak (Vine Stalker Assassin)           Turns: 2134, Time: 00:01:50

Health: -7/18      AC:  4    Str: 14    XL:     3   Next: 95%
Magic:  0/4        EV: 11    Int: 11    God:
Gold:   83         SH:  0    Dex: 15    Spells: 2/2 levels left

rFire    + . .     SeeInvis .   a - +2 dagger
rCold    . . .     Gourm    .   (no shield)
rNeg     . . .     Faith    .   k - +0 leather armour
rPois    .         Spirit   +   (no helmet)
rElec    .         Reflect  .   c - +0 cloak
rCorr    .         Harm     .   (no gloves)
MR       .....                  (no boots)
Stlth    +++.......             (no amulet)
HPRegen  0.06/turn              m - ring of protection from fire
MPRegen  0.09/turn              (no ring)

@: no status effects
A: fangs 2, magic shield, antimagic bite, no potion heal 3, rot immunity
a: no special abilities


You were on level 2 of the Dungeon.
You were hungry.

You visited 1 branch of the dungeon, and saw 2 of its levels.

You collected 83 gold pieces.

Inventory:

Hand Weapons
 a - a +2 dagger (weapon)
Missiles
 d - 22 poisoned darts (quivered)
 e - 2 curare-tipped darts
Armour
 c - a +0 cloak (worn)
 k - a +0 leather armour (worn)
Jewellery
 m - a ring of protection from fire (left hand)
 n - an uncursed amulet of harm
Scrolls
 g - 4 scrolls of teleportation {unknown}
 j - a scroll of blinking {unknown}
 l - a scroll of identify {unknown}
Potions
 b - a potion of resistance {unknown}
 h - a potion of haste {unknown}
 i - 2 potions of curing
Comestibles
 f - 5 rations


   Skills:
 - Level 1.7 Fighting
 + Level 3.7 Short Blades
 - Level 1.7 Throwing
 - Level 0.7 Dodging
 - Level 4.8 Stealth


You had 2 spell levels left.
You didn't know any spells.
Your spell library was empty.

Dungeon Overview and Level Annotations

Branches:
Dungeon (2/15)

Altars:
Trog


Innate Abilities, Weirdness & Mutations

You have extremely sharp teeth.
When hurt, damage is shared between your health and your magic reserves.
Your bite disrupts and absorbs the magic of your enemies.
Potions cannot restore your health.
You are immune to rotting.


Message History

You feel invigorated.
The worm is heavily wounded.
The worm bites you.
Throwing (i - inventory. (/) - cycle)
d - 23 poisoned darts (quivered)
Press: ? - help, Shift-Dir - straight line, f/p - worm
Aim: a worm (heavily wounded)
You throw a poisoned dart. The poisoned dart hits the worm.
The worm is poisoned.
The worm is heavily wounded.
You hit the worm.
The worm is severely wounded.
The worm bites you.
* * * LOW HITPOINT WARNING * * *
You hit the worm. You bite the worm, but do no damage.
The worm is severely wounded.
You hit the worm but do no damage.
The worm is severely wounded.
The worm bites you!
Ouch! That really hurt!
You die...

#.....# #.....## ##
#....).###### #.
#...........# ..##
#.....#####.# <.#
###..#...##.# #.# ####
##.###..#.####.###....#
#..###..............#
##.# ##.@w..(..(....#
#.# ###...?.......# #.#
#...........# #.#
#.########### #.# #..
#.# ### #.## #..# ##.#


You could see a worm.

Vanquished Creatures
  An adder (D:2)
  A worm (D:2)
  A leopard gecko (D:1)
  2 giant cockroaches (D:1)
  5 goblins
  3 hobgoblins
  12 jackals
  A quokka (D:2)
  A ball python (D:2)
  A bat (D:2)
  7 frilled lizards
  3 kobolds
  A rat (D:2)
39 creatures vanquished.

Notes
Turn   | Place    | Note
-------+----------+-------------------------------------------
     0 | D:1      | HAL9000 the Vine Stalker Assassin began the quest for the
                  | Orb.
     0 | D:1      | Reached XP level 1. HP: 11/11 MP: 2/2
   126 | D:1      | Reached XP level 2. HP: 9/15 MP: 0/3
   889 | D:1      | Reached XP level 3. HP: 9/18 MP: 1/4
  1674 | D:2      | Found a bloodstained altar of Trog.
  2134 | D:2      | Mangled by a worm

Levels and vault maps discovered:
D:1:      wander_arrival_fairy_ring, layout_loops_corners, minmay_crystal_water,
          minmay_distorted
D:2:      layout_rooms, trog_book, uniq_crazy_yiuf_cottage

Skill      XL: |  1  2 |
---------------+-------+-----
Short Blades   | 2 3 |  3.7
Fighting       | |  1.7
Throwing       | |  1.7
Dodging        | |  0.7
Stealth        | |  4.8

Action                   || total
-------------------------++-------
Melee: Dagger            ||   127
       Bite              ||    22
Throw: Dart              ||     7
  Use: Potion            ||     3
 Stab: Sleeping          ||     5
  Eat: Chunk             ||     3
Armor: Robe              ||     9
       Leather armour    ||    30
Dodge: Dodged            ||    71

Table legend:
 A = Non-vault XP
 B = Vault XP
 C = Vault XP percentage of total XP
 D = Non-vault monster count
 E = Vault monster count
 F = Vault count percentage of total count
                 A         B        C        D         E       F
            +---------+---------+-------+---------+---------+-------
      Total |      78 |       2 |   2.5 |      38 |       1 |   2.6
            +---------+---------+-------+---------+---------+-------
        D:1 |      42 |       2 |   4.5 |      24 |       1 |   4.0
        D:2 |      36 |       0 |   0.0 |      14 |       0 |   0.0
            +---------+---------+-------+---------+---------+-------
